 Dungeon Crawl Stone Soup version 0.29-a0-857-g9b1aa3ac5b (webtiles) character file.

Game seed: 3934623244540367653

23 MisterAzrael the Conjurer (level 2, -3/13 (15) HPs)
             Began as a Deep Elf Conjurer on July 16, 2022.
             Was a Follower of Elyvilon.
             Slain by Crazy Yiuf
             ... wielding a +2 quarterstaff of chaos
              (4 damage)
             ... on level 2 of the Dungeon.
             The game lasted 00:01:40 (1505 turns).

MisterAzrael the Conjurer (Deep Elf Conjurer)       Turns: 1505, Time: 00:01:40

HP:   -3/13 (15)    AC:  2    Str:  4    XL:     2   Next: 75%
MP:   9/9           EV: 12    Int: 22    God:    Elyvilon [*.....]
Gold: 41            SH:  0    Dex: 13    Spells: 6/9 levels left

rFire   . . .      SeeInvis .   e - +0 short sword
rCold   . . .      Faith    .   (no shield)
rNeg    . . .      Spirit   .   a - +0 robe
rPois   .          Reflect  .   (no helmet)
rElec   .          Harm     .   (no cloak)
rCorr   .          Rampage  .   (no gloves)
Will    .....                   (no boots)
Stlth   ++........              (no amulet)
HPRegen 0.04/turn               (no ring)
MPRegen 0.11/turn               (no ring)

@: heavily drained
A: no striking features
a: Renounce Religion, Purification


You were on level 2 of the Dungeon.
You worshipped Elyvilon.
Elyvilon was aware of your devotion.
You visited 1 branch of the dungeon, and saw 2 of its levels.

You collected 41 gold pieces.

Inventory:

Hand Weapons
 e - a +0 short sword (weapon)
Armour
 a - a +0 robe (worn)
Scrolls
 d - a scroll of vulnerability {unknown}
 f - a scroll of enchant weapon {unknown}
 g - a scroll of immolation {unknown}
 h - a scroll of brand weapon {unknown}
 j - a scroll of silence {unknown}
Potions
 b - a potion of magic
 c - a potion of degeneration {unknown}
 i - a potion of heal wounds {unknown}


   Skills:
 - Level 2.4 Dodging
 - Level 2.4 Stealth
 * Level 4.1 Spellcasting
 + Level 4.8 Conjurations


You had 6 spell levels left.
You knew the following spells:

 Your Spells              Type           Power      Damage    Failure   Level
a - Magic Dart            Conj           100%       1d8       1%          1
b - Searing Ray           Conj           50%        2d6       2%          2

Your spell library contained the following spells:

 Spells                   Type           Power      Damage    Failure   Level
 Dazzling Flash           Conj/Hex       30%        N/A       12%         3
 Fulminant Prism          Conj/Hex       7%         3d7       38%         4
 Iskenderun's Mystic Bla  Conj/Tloc      15%        2d5       38%         4


Dungeon Overview and Level Annotations

Branches:
Dungeon (2/15)

Altars:
Elyvilon

Annotations:
D:2 Crazy Yiuf


Message History

You completely miss the jackal. The jackal barely misses you. x2
Okay, then.
You hit the jackal.
The jackal is severely wounded.
The jackal bites you.
You closely miss the jackal.
The jackal is severely wounded.
The jackal misses you. x2
You barely miss the jackal.
The jackal is severely wounded.
The jackal bites you.
You barely miss the jackal.
The jackal is severely wounded.
The jackal misses you.
The jackal bites you but does no damage.
You hit the jackal.
You kill the jackal!
HP restored.
Key pressed, stopping explore.
j - a scroll labelled QAETO GUDO
Things that are here:
a +0 whip; a +0 ring mail You see here 7 stones.
Found a hammer.
Found two hammers.
Found a runed translucent door.
You see here a +0 hammer.
Found a hammer.
Crazy Yiuf shouts!
You see here the +9 hammer of Noet {antimagic, *Corrode rElec rF+++}.
You see here a +0 hammer.
Found two hammers.
As you open the door, it creaks loudly!
Crazy Yiuf laughs, "Hack Orb Guardian turtle!"
You hit Crazy Yiuf.
Crazy Yiuf is lightly wounded.
Crazy Yiuf hits you with a +2 quarterstaff of chaos!
Ouch! That really hurt!
* * * LOW HITPOINT WARNING * * *
You feel drained.
You die...

#......#....# #.# ##.....#
#...........####.#####......#
............................#
########################..<.#
#....# # #....# ## #######
### #....# )#####.....##
###..)# ##.###
(...........####@g.).#
##.<######
.............#))##.))#
#......... .....##.....#)###
### ###.######
.....########## #.# ....###
#.. ....... .#.# ....... . .#
..###.. #. .# ...##.. .. ..


You could see Crazy Yiuf.

Vanquished Creatures
  A dart slug (D:1)
  2 bats
  2 hobgoblins
  6 jackals
  2 ball pythons (D:1)
  5 kobolds
  2 rats (D:1)
20 creatures vanquished.

Vanquished Creatures (others)
  A fungus (D:1)
  2 plants (D:1)
3 creatures vanquished.

Grand Total: 23 creatures vanquished

Notes
Turn   | Place    | Note
-------+----------+-------------------------------------------
     0 | D:1      | MisterAzrael the Deep Elf Conjurer began the quest for the
                  | Orb.
     0 | D:1      | Reached XP level 1. HP: 10/10 MP: 6/6
   544 | D:1      | Reached XP level 2. HP: 9/15 MP: 4/8
   552 | D:1      | Learned a level 2 spell: Searing Ray
  1156 | D:1      | Found a faded altar of an unknown god.
  1169 | D:1      | Prayed at the altar of an unknown god.
  1169 | D:1      | Became a worshipper of Elyvilon the Healer
  1169 | D:1      | Reached * piety under Elyvilon
  1500 | D:2      | Found a runed translucent door.
  1501 | D:2      | Identified the +9 hammer of Noet {antimagic, *Corrode rElec
                  | rF+++}
  1501 | D:2      | Noticed Crazy Yiuf
  1505 | D:2      | Slain by Crazy Yiuf

Illustrated notes

Levels and vault maps discovered:
D:1:      beargit_arrival_diablo_church, layout_basic,
          shapermc_ecumenical_altar_petra
D:2:      layout_rooms, chequers_serial_rivers_room_b,
          nicolae_figureground_pulse, uniq_terence, uniq_crazy_yiuf_cottage

Skill      XL: |  1  2 |
---------------+-------+-----
Spellcasting   | 4 |  4.1
Dodging        | |  2.4
Stealth        | |  2.4
Conjurations   | |  4.8

Action                   || total
-------------------------++-------
Melee: Short sword       ||    25
 Cast: Magic Dart        ||    32
 Stab: Sleeping          ||     1
Armor: Robe              ||    10
Dodge: Dodged            ||    32

Table legend: (Time is in decaauts)
 A = Elapsed time spent in this place.
 B = Non-inter-level travel time spent in this place.
 C = Inter-level travel time spent in this place.
 D = Time resting spent in this place.
 E = Time spent auto-exploring this place.
 F = Levels seen in this place.
 G = Mean time per level.
                   A        B        C        D        E       F      G
               +--------+--------+--------+--------+--------+-----+--------+
         Total |   1506 |   1478 |     28 |      0 |   1302 |   2 |  753.0 |
       Dungeon |   1506 |   1478 |     28 |      0 |   1302 |   2 |  753.0 |
               +--------+--------+--------+--------+--------+-----+--------+

Top non-repeatable levels by time:
     D:1: 1205 daAuts
     D:2: 300 daAuts
